AoeStats
← Bronco

Lombardia

510142372Analyzed
4v4 RM · 3d ago on Sep 29, 2026· 48m 34s· 8 players
Game mode
Random Map
Map size
Large (8 player)
Population
200
Speed
Normal
Resources
Standard
Victory
Conquest
Starting age
Dark Age
Ending age
Imperial Age
RankedLock teamsTeams togetherTeam positionsShared explorationLock speedFull tech treeHidden civsTurbo modeCheats
Victory
Defeat
🇩🇿 Sicilians · Algeria
1357
+12
🇨🇦 Chinese · Canada
1354
+13
🇫🇷 Spanish · France
1318
+14
🇨🇳 Khmer · China
1281
+16
🇩🇪 Tupi · Germany
1288
-14
🇩🇪 Gurjaras · Germany
1280
-14
🇩🇪 Bohemians · Germany
1277
-14
🇩🇪 Magyars · Germany
1261
-13
BlueStaR
6:03 Loom
13:14 Feudal Age
15:03 Horse Collar
15:10 Double-Bit Axe
18:41 Castle Age
17:43 Gold Mining
17:43 Stone Mining
20:04 Bow Saw
20:56 Wheelbarrow
20:35 Heavy Plow
29:24 Imperial Age
27:35 Fletching
28:55 Stone Shaft Mining
28:31 Caravan
29:16 Bodkin Arrow
30:38 Conscription
30:48 Elite Conquistador
33:42 Two-Man Saw
32:48 Padded Archer Armor
34:05 Bracer
34:35 Leather Archer Armor
34:26 Scale Barding Armor
34:59 Forging
34:49 Scale Mail Armor
36:33 Bloodlines
36:24 Husbandry
35:45 Cavalier
37:24 Chain Barding Armor
37:55 Ring Archer Armor
38:00 Iron Casting
37:08 Light Cavalry
38:07 Paladin
41:58 Ballistics
42:40 Chain Mail Armor
43:01 Plate Barding Armor
43:26 Blast Furnace
43:52 Plate Mail Armor
44:12 Hand Cart
43:26 Hussar
garretc16
0:58 Loom
11:02 Feudal Age
17:24 Castle Age
15:37 Double-Bit Axe
16:00 Horse Collar
16:26 Gold Mining
16:30 Stone Mining
18:24 Bow Saw
19:18 Wheelbarrow
19:32 Gold Mining
19:55 Town Watch
24:42 Hand Cart
30:00 Imperial Age
28:14 Stone Shaft Mining
28:07 Great Wall
28:29 Fletching
28:55 Padded Archer Armor
29:40 Bodkin Arrow
30:37 Ballistics
30:30 Elite Chu Ko Nu
31:29 Bracer
33:07 Conscription
36:36 Capped Ram
38:00 Siege Ram
42:28 Chemistry
47:08 Gold Shaft Mining
WololoMyEx
3:36 Loom
11:07 Feudal Age
13:59 Wheelbarrow
16:31 Castle Age
14:46 Double-Bit Axe
15:08 Horse Collar
17:52 Bow Saw
29:13 Imperial Age
27:39 Heavy Plow
28:17 Hand Cart
29:10 First Crusade
28:58 Scale Mail Armor
29:09 Forging
28:47 Gambesons
29:02 Squires
28:48 Arson
29:27 Elite Serjeant
30:28 Conscription
30:25 Chain Mail Armor
30:27 Gold Mining
30:28 Stone Mining
31:54 Plate Mail Armor
32:00 Iron Casting
32:41 Crop Rotation
34:50 Blast Furnace
37:31 Masonry
41:56 Light Cavalry
42:47 Bloodlines
42:37 Husbandry
45:05 Pikeman
46:21 Caravan
46:31 Halberdier
2110316511
10:59 Feudal Age
11:52 Double-Bit Axe
11:50 Horse Collar
13:09 Bloodlines
17:32 Loom
21:20 Castle Age
23:26 Heavy Plow
23:37 Bow Saw
33:04 Imperial Age
31:12 Wheelbarrow
30:42 Gold Mining
30:43 Stone Mining
31:20 Scale Barding Armor
31:25 Forging
30:49 Light Cavalry
31:30 Husbandry
33:01 Chain Barding Armor
33:18 Ballistics
34:14 Iron Casting
33:10 Hussar
34:32 Heavy Scorpion
35:51 Siege Engineers
36:44 Conscription
37:10 Elite Battle Elephant
37:38 Pikeman
42:45 Tusk Swords
42:53 Halberdier
44:11 Plate Barding Armor
44:37 Blast Furnace
46:43 Chemistry
45:58 Masonry
46:42 Arson
47:01 Scale Mail Armor
48:43 Hoardings
SebTheKing
12:02 Feudal Age
13:18 Loom
16:09 Castle Age
14:33 Horse Collar
15:31 Double-Bit Axe
17:25 Bow Saw
18:03 Heavy Plow
22:59 Wheelbarrow
28:22 Imperial Age
26:28 Fortified Wall
28:15 Hand Cart
27:50 Town Watch
29:31 Scale Barding Armor
29:37 Forging
31:57 Chain Barding Armor
32:12 Iron Casting
32:39 Husbandry
32:53 Bloodlines
32:11 Heavy Camel Rider
33:02 Town Patrol
33:09 Gold Mining
33:49 Conscription
33:53 Frontier Guards
34:15 Plate Barding Armor
34:30 Fletching
35:06 Elite Shrivamsha Rider
47:29 Light Cavalry
commanderlionheart
10:51 Feudal Age
14:30 Castle Age
12:52 Horse Collar
13:01 Double-Bit Axe
21:00 Wheelbarrow
20:24 Loom
20:30 Town Watch
23:19 Heavy Plow
25:15 Fletching
25:26 Padded Archer Armor
26:09 Bodkin Arrow
27:32 Leather Archer Armor
28:00 Ballistics
28:45 Bow Saw
28:50 Town Patrol
30:06 Hand Cart
34:00 Imperial Age
33:17 Squires
33:03 Arson
33:48 Murder Holes
34:02 Elite Blackwood Archer
34:44 Bracer
35:45 Chemistry
34:47 Gold Mining
35:57 Two-Man Saw
34:29 Elite Ibirapema Warrior
36:27 Curare
38:25 Ring Archer Armor
38:07 Forging
37:57 Scale Mail Armor
38:10 Treadmill Crane
41:59 Iron Casting
41:40 Chain Mail Armor
40:47 Pikeman
43:25 Gold Shaft Mining
42:19 Halberdier
42:28 Onager
45:13 Caravan
Bronco
5:07 Loom
9:53 Feudal Age
10:44 Double-Bit Axe
14:40 Horse Collar
17:14 Wheelbarrow
21:28 Castle Age
19:44 Gold Mining
22:31 Bow Saw
22:23 Heavy Plow
26:19 Town Watch
26:26 Stone Mining
27:36 Fletching
29:29 Hand Cart
30:02 Bodkin Arrow
30:49 Husbandry
31:00 Bloodlines
30:56 Padded Archer Armor
30:42 Treadmill Crane
31:13 Masonry
34:05 Imperial Age
31:56 Leather Archer Armor
32:39 Thumb Ring
33:09 Corvinian Army
33:58 Gold Shaft Mining
34:10 Scale Barding Armor
35:18 Ballistics
35:39 Conscription
35:31 Bracer
35:36 Recurve Bow
36:02 Conscription
36:54 Chemistry
36:57 Heavy Cavalry Archer
38:36 Parthian Tactics
43:59 Elite Magyar Huszar
45:15 Caravan
wo01f
5:37 Loom
10:49 Feudal Age
15:38 Castle Age
15:03 Double-Bit Axe
15:15 Horse Collar
17:18 Bow Saw
23:27 Heavy Plow
25:36 Wheelbarrow
26:46 Wagenburg Tactics
30:44 Imperial Age
28:04 Town Watch
29:27 Hand Cart
29:38 Padded Archer Armor
29:29 Fletching
32:18 Chemistry
31:38 Ballistics
32:14 Fortified Wall
32:28 Conscription
32:23 Elite Hussite Wagon
33:09 Town Patrol
34:18 Two-Man Saw
34:29 Houfnice
40:08 Siege Engineers
48:15 Hussite Reforms
48:24 Caravan
Connection lost

Rejoining the realm…

Still unreachable

The connection could not be restored.

Session expired

The server has moved on; the page needs a fresh start.